 Dungeon Crawl Stone Soup version 0.18.0-2-g198d6d4 (webtiles) character file.

109 imoen the Insei (level 4, -3/23 HPs)
             Began as a Vine Stalker Monk on May 5, 2016.
             Slain by an ogre
             ... wielding a +0 giant club
              (6 damage)
             ... on level 4 of the Dungeon.
             The game lasted 00:06:31 (999 turns).

imoen the Insei (Vine Stalker Monk)                  Turns: 999, Time: 00:06:31

Health: -3/23      AC:  9    Str: 14    XL:     4   Next: 90%
Magic:  0/14       EV:  2    Int: 10    God:
Gold:   42         SH:  0    Dex: 17    Spells: 0 memorised, 3 levels left

rFire  . . .     SeeInvis .       - Unarmed
rCold  . . .     Gourm    .     h - +0 chain mail
rNeg   . . .     Faith    .     (no shield)
rPois  .         Spirit   +     (no helmet)
rElec  .         Dismiss  .     p - +0 cloak
rCorr  .         Reflect  .     (no gloves)
SustAt .         Harm     .     (no boots)
MR     .....                    (no amulet)
Stlth  ..........               (no ring)
                                o - ring of magical power

@: not resistant to hostile enchantments, extremely unstealthy
A: fangs 2, regeneration 1, magic shield, antimagic bite, no device heal 3, rot
immunity
a: no special abilities


You were on level 4 of the Dungeon.
You were hungry.

You visited 1 branch of the dungeon, and saw 4 of its levels.

You collected 42 gold pieces.

Inventory:

Hand Weapons
 k - a +0 hunting sling
   (You took it off a goblin on level 2 of the Dungeon)
Missiles
 l - 14 stones (quivered)
 n - 12 poisoned needles
Armour
 a - a +0 robe
 h - a +0 chain mail (worn)
   (You found it on level 1 of the Dungeon)
 p - a +0 cloak (worn)
   (You found it on level 2 of the Dungeon)
Jewellery
 o - a ring of magical power (left hand)
   (You found it on level 2 of the Dungeon)
Scrolls
 j - 2 scrolls of identify
 q - 2 scrolls of immolation
 r - a scroll of amnesia
Potions
 d - 2 potions of heal wounds {unknown}
 e - 5 potions of lignification {unknown}
Comestibles
 b - 2 bread rations
 c - 2 chunks of flesh
 f - 3 fruits
 i - a meat ration
 m - a beef jerky


   Skills:
 - Level 2.6 Fighting
 - Level 2.4 Dodging
 - Level 2.4 Stealth
 + Level 6.0 Unarmed Combat


You had 3 spell levels left.
You didn't know any spells.

Dungeon Overview and Level Annotations

Branches:
Dungeon (4/15)
 Temple: D:4-7

Altars:
Qazlal


Innate Abilities, Weirdness & Mutations

You have extremely sharp teeth.
Your natural rate of healing is unusually fast.
When hurt, damage is shared between your health and your magic reserves.
Your bite disrupts and absorbs the magic of your enemies.
Potions and wands cannot restore your health.
You are immune to rotting.


Message History

You hit the adder. The adder completely misses you.
You completely miss the adder. Your bite misses the adder.
The adder bites you but does no damage.
You punch the adder!
You kill the adder!
There is an open door here.
You barely miss the quokka skeleton. You bite the quokka skeleton.
You drain its power.
The quokka skeleton bites you but does no damage.
You hit the quokka skeleton. You bite the quokka skeleton. You drain its power.
The quokka skeleton bites you but does no damage.
You hit the quokka skeleton.
The quokka skeleton bites you but does no damage.
You hit the quokka skeleton.
You destroy the quokka skeleton!
No target in view!
No target in view!
You open the door.
There is an open door here.
An ogre comes into view. It is wielding a giant club.
The ogre shouts!
Unknown command.
There is an open door here.
You see here a scroll labeled FASUB GAUTIOLOT.
r - a scroll labeled FASUB GAUTIOLOT Drink which item? (? for menu, Esc to quit)
Okay, then.
Read which item? (? for menu, Esc to quit)
As you read the scroll labeled EHODUI GIARAOQ, it crumbles to dust.
It is a scroll of identify.
Identify which item? (\ to view known items) (? for menu, Esc to quit)
r - a scroll of amnesia The ogre hits you with a giant club!!
* * * LOW HITPOINT WARNING * * *
You take 11 damage, and have 12/23 hp.
MASSIVE DAMAGE!!
You now have 7/14 mp.
Unknown command.
Unknown command.
Unknown command.
Unknown command.
The ogre closely misses you.
Unknown command.
There is an open door here.
The ogre hits you with a giant club!
* * * LOW HITPOINT WARNING * * *
You take 9 damage, and have 7/23 hp.
MASSIVE DAMAGE!!
You now have 4/14 mp.
Unknown command.
As you open the door, it creaks loudly!
Unknown command.
There is an open door here.
Unknown command.
Unknown command.
Unknown command.
Unknown command.
Unknown command.
Read which item? (? for menu, Esc to quit)
As you read the scroll labeled NACWIU BO GECREVIE, it crumbles to dust.
The creatures around you are filled with an inner flame!
It was a scroll of immolation.
The ogre hits you with a giant club.
* * * LOW HITPOINT WARNING * * *
You take 3 damage, and have 15/23 hp.
You now have 8/14 mp.
Unknown command.
Read which item? (? for menu, Esc to quit)
As you read the scroll labeled VOMAWN MAVIFEPP, it crumbles to dust.
You hear a loud clanging noise!
It was a scroll of noise.
The ogre hits you but does no damage.
Unknown command.
You open the door. The ogre barely misses you.
Some of the chunks of flesh in your inventory have rotted away.
Unknown command.
There is an open door here.
Unknown command.
The ogre barely misses you.
Unknown command.
Unknown command.
The ogre hits you with a giant club!
* * * LOW HITPOINT WARNING * * *
You take 8 damage, and have 9/23 hp.
MASSIVE DAMAGE!!
You now have 5/14 mp.
Unknown command.
There is an open door here.
The ogre's inner flame fades away.
There is an open door here.
You punch the ogre! The ogre hits you with a giant club!!
Ouch! That really hurt!
* * * LOW HITPOINT WARNING * * *
You take 16 damage, and have 2/23 hp.
MASSIVE DAMAGE!!
You now have 1/14 mp.
Unknown command.
You are feeling hungry.
Unknown command.
There is a stone staircase leading up here.
Unknown command.
The ogre hits you with a giant club!
You die...

#........####'###....#
#...[....#......#....#
#........#.....##...###
#........#.....##.....#
#........#............#
#........#............#
#........+............#
#........########.....#
########......@.#.....#
... #......O.#.....#
....#........#....##
..............#....#
####..........#....#
######.....#....#
#.....#....#
#.....#....#
#.....#....#


You could see an ogre.

Vanquished Creatures
  A howler monkey (D:4)
  2 adders
  2 oozes
  A worm (D:1)
  A dart slug (D:1)
  2 giant geckos (D:1)
  An orc (D:4)
  2 giant cockroaches
  3 goblins
  A hobgoblin (D:1)
  4 jackals (D:1)
  A ball python (D:1)
  5 bats
  4 giant newts
  7 kobolds
  A quokka skeleton (D:4)
  A rat (D:2)
39 creatures vanquished.

Notes
Turn   | Place    | Note
--------------------------------------------------------------
     0 | D:1      | imoen the Vine Stalker Monk began the quest for the Orb.
     0 | D:1      | Reached XP level 1. HP: 11/11 MP: 2/2
    24 | D:1      | HP: 1/11 [kobold/short sword (2)]
   119 | D:1      | HP: 2/11 [giant gecko (2)]
   197 | D:1      | Reached XP level 2. HP: 13/16 MP: 1/3
   433 | D:1      | Reached XP level 3. HP: 19/19 MP: 4/4
   440 | D:1      | Reached skill level 5 in Unarmed Combat
   522 | D:2      | Found a stormy altar of Qazlal.
   785 | D:4      | Reached XP level 4. HP: 18/23 MP: 5/5
   791 | D:4      | Reached skill level 6 in Unarmed Combat
   869 | D:4      | Noticed an ogre
   995 | D:4      | HP: 2/23 [ogre/giant club (16)]
   999 | D:4      | Slain by an ogre

Skill      XL: |  1  2  3  4 |
---------------+-------------+-----
Unarmed Combat | 5 6 |  6.0
Fighting       | |  2.6
Dodging        | |  2.4
Stealth        | |  2.4

Action                   |  1- 3 |  4- 6 || total
-------------------------+-------+-------++-------
Melee: Unarmed           |   138 |    11 ||   149
       Bite              |    28 |     3 ||    31
       Punch             |     1 |       ||     1
  Use: Scroll            |       |     3 ||     3
 Stab: Sleeping          |     3 |       ||     3
Armor: Robe              |     3 |       ||     3
       Chain mail        |    73 |     6 ||    79
Dodge: Dodged            |    37 |     6 ||    43

Vault maps used:
D:1:      onia_arrival_mini_maze, st_stairs_11, serial_bayou_pond_b,
          hangedman_decor_clover_reticule
D:2:      forest_paths, minitemple, nicolae_qazlal_general_emergency
D:3:      wad_woods_stonehenge, serial_park_tiny_1, minmay_item_behind_shaft
D:4:      uniq_edmund

Table legend:
 A = Turns spent in this place as a percentage of turns spent in the entire game.
 B = Non-inter-level travel turns spent in this place as a percentage of non-inter-level travel turns spent in the entire game.
 C = Inter-level travel turns spent in this place as a percentage of turns spent in this place.
 D = Turns resting spent in this place as a percentage of non-inter-level travel turns spent in this place.
 E = Turns spent auto-exploring this place as a percentage of non-inter-level travel turns spent in this place.
 F = Non-inter-level travel turns spent in this place divided by the number of levels of this place that you've seen.
                   A       B       C       D       E      F
               +-------+-------+-------+-------+-------+----------------------
         Total | 100.0 | 100.0 |   0.0 |   0.5 |   0.5 | 208.5
       Dungeon | 100.0 | 100.0 |   0.0 |   0.5 |   0.5 | 208.5
               +-------+-------+-------+-------+-------+----------------------

Table legend:
 A = Kills in this place as a percentage of kills in entire the game.
 B = Kills by you in this place as a percentage of kills by you in the entire game.
 C = Kills by friends in this place as a percentage of kills by friends in the entire game.
 D = Other kills in this place as a percentage of other kills in the entire game.
 E = Experience gained in this place as a percentage of experience gained in the entire game.
 F = Experience gained in this place divided by the number of levels of this place that you have seen.
                   A       B       C       D       E      F
               +-------+-------+-------+-------+-------+----------------------
         Total | 100.0 | 100.0 |  -nan |  -nan | 100.0 |  39.2
       Dungeon | 100.0 | 100.0 |  -nan |  -nan | 100.0 |  39.2
               +-------+-------+-------+-------+-------+----------------------
